 Dungeon Crawl Stone Soup version 0.31-a0-879-g1609e0ac53 (webtiles) character file.

Game seed: 14875192911736551674

2 Kurtz the Sneak (level 1, -3/21 HPs)
             Began as a Naga Delver on Oct 14, 2023.
             Slain by an orc
             ... wielding a +0 falchion
              (7 damage)
             ... on level 4 of the Dungeon.
             The game lasted 00:00:11 (167 turns).

Kurtz the Sneak (Naga Delver)                        Turns: 167, Time: 00:00:12

Health: -3/21      AC:  1    Str: 14    XL:     1   Next: 40%
Magic:  1/1        EV:  9    Int: 10    God:
Gold:   47         SH:  0    Dex: 12    Spells: 0/0 levels left

rFire   . . .        a - +0 hand axe
rCold   . . .        (no shield)
rNeg    . . .        b - +0 leather armour
rPois   +            (no helmet)
rElec   .            (no cloak)
rCorr   .            (no gloves)
SInv    +            (no barding)
Will    .....        (no amulet)
Stlth   +++          (no ring)
HPRegen 0.23/turn    (no ring)
MPRegen 0.07/turn

%: no passive effects
@: very slow
A: AC +0, large, see invisible, deformed body, poison resistance, slowness 2,
spit poison 1, naga tail 1
a: Spit Poison


You were on level 4 of the Dungeon.
You visited 1 branch of the dungeon, and saw 2 of its levels.

You collected 47 gold pieces.

Inventory:

Hand Weapons
 a - a +0 hand axe (weapon)
Armour
 b - a +0 leather armour (worn)
Wands
 g - a wand of digging (3)
Scrolls
 c - a scroll of fog
 d - a scroll of revelation
 e - a scroll of fear
Potions
 f - a potion of haste


   Skills:
 - Level 3.0 Fighting
 * Level 2.2 Axes
 - Level 1.5 Dodging
 - Level 7.2 Stealth


You couldn't memorise any spells.
You didn't know any spells.
Your spell library was empty.

Dungeon Overview and Level Annotations

Branches:
Dungeon (5/15)
 Temple: D:4-7

Altars:


Innate Abilities, Weirdness & Mutations

Your serpentine skin is tough. (AC +0)
You have supernaturally acute eyesight. (SInv)
Armour fits poorly on your strangely shaped body.
Your system is resistant to poisons. (rPois)
You cover ground very slowly.
You can spit poison.
You have a snake-like lower body.


Message History

You now have 30 gold pieces (gained 14).
You see here a ring of see invisible.
A dart slug comes into view.
The dart slug launches a dart at you. The slug dart hits you.
The dart slug launches a dart at you. The slug dart misses you.
You slash the dart slug!
The dart slug is severely wounded.
The dart slug launches a dart at you. The slug dart misses you.
You slash the dart slug!
You kill the dart slug!
No target in view!
No target in view!
You start resting.
HP restored.
You now have 47 gold pieces (gained 17).
You see here a dart slug corpse.
Found a stone staircase leading up.
An adder comes into view.
An adder comes into view.
The adder hisses angrily.
There is a stone staircase leading up here.
You climb upwards.
Found a stone staircase leading up.
There is a stone staircase leading down here.
Unknown command.
Found a spear.
The orc priest shouts!
The orc shouts! x2
The orc priest barely misses you. The orc closely misses you.
The orc shouts!
The orc priest attacks as it pursues you!
The orc priest hits you with a +0 dagger.
The orc closely misses you. The orc hits you with a +0 falchion.
Found 2 stones.
The orc hits you with a +0 club. The orc hits you with a +0 falchion.
* * * LOW HITPOINT WARNING * * *
The orc hits you with a +0 falchion!
You die...

# #
..).#.######
......<@oo.##
.......oo.>.#
.............#
.............#
.........o...#
.............#
(............#
............##
..#.....##


You could see an orc priest and 4 orcs.

Vanquished Creatures
  A dart slug (D:5)
1 creature vanquished.

Notes
Turn   | Place    | Note
-------+----------+-------------------------------------------
     0 | D:5      | Kurtz the Naga Delver began the quest for the Orb.
     0 | D:5      | Reached XP level 1. HP: 21/21 MP: 1/1
   164 | D:4      | Noticed an orc priest
   167 | D:4      | Slain by an orc

Illustrated notes

Levels and vault maps discovered:
D:4:      layout_rooms, nicolae_qazlal_eye_of_the_storm, dreamdust_wishing_well
D:5:      layout_cave_pods

Action                     || total
---------------------------++-------
  Melee: Hand axe          ||     2
 Armour: Leather armour    ||     6
  Dodge: Dodged            ||     5

Table legend: (Time is in decaauts)
 A = Elapsed time spent in this place.
 B = Non-inter-level travel time spent in this place.
 C = Inter-level travel time spent in this place.
 D = Time resting spent in this place.
 E = Time spent auto-exploring this place.
 F = Levels seen in this place.
 G = Mean time per level.
                   A        B        C        D        E       F      G
               +--------+--------+--------+--------+--------+-----+--------+
         Total |    227 |    191 |     36 |      8 |    158 |   2 |  113.5 |
       Dungeon |    227 |    191 |     36 |      8 |    158 |   2 |  113.5 |
               +--------+--------+--------+--------+--------+-----+--------+

Top non-repeatable levels by time:
     D:5: 224 daAuts
     D:4: 3 daAuts
